 Dungeon Crawl Stone Soup version 0.28.0-43-g3370ac3207 (webtiles) character file.

Game seed: 8427749488495870572

84012 nickcage the Warrior (level 15, -8/149 HPs)
             Began as a Minotaur Fighter on Mar 10, 2022.
             Was the Champion of Qazlal.
             Mangled by Saint Roka
             ... wielding a +3 bardiche of venom
              (22 damage)
             ... on level 2 of the Orcish Mines on Mar 14, 2022.
             The game lasted 01:28:11 (24623 turns).

nickcage the Warrior (Minotaur Fighter)            Turns: 24623, Time: 01:28:11

Health: -8/149     AC: 26    Str: 26    XL:     15   Next: 34%
Magic:  20/20      EV: 13    Int:  5    God:    Qazlal [******]
Gold:   1312       SH: 15    Dex: 20    Spells: 14/14 levels left

rFire   . . .      SeeInvis +   f - +3 demon blade (vorpal)
rCold   . . .      Faith    .   c - +0 buckler
rNeg    . . .      Spirit   .   o - +0 plate armour
rPois   .          Reflect  .   i - +2 hat
rElec   .          Harm     .   q - +0 cloak
rCorr   .          Rampage  .   h - +0 pair of gloves
Will    +....                   g - +1 pair of boots
Stlth   ..........              (no amulet)
HPRegen 0.34/turn               w - +6 ring of dexterity
MPRegen 0.17/turn               D - ring of Checkmate {Str+2 SInv}

@: repel missiles
A: horns 2, retaliatory headbutt
a: Renounce Religion, Upheaval, Elemental Force, Disaster Area


You were on level 2 of the Orcish Mines.
You worshipped Qazlal.
Qazlal was exalted by your worship.
You visited 3 branches of the dungeon, and saw 20 of its levels.
You also visited: Sewer and Ossuary.

You collected 1312 gold pieces.

Inventory:

Hand Weapons
 f - a +3 vorpal demon blade (weapon)
 t - a +6 flail
 G - a +1 long sword of draining
 I - the +7 morningstar "Riameh" {vamp, rElec rPois Str+6}
   (You found it on level 12 of the Dungeon)

   It occasionally heals its wielder for a portion of the damage dealt when it
   wounds a living foe.
   Str:       It affects your strength (+6).
   rElec:     It insulates you from electricity.
   rPois:     It protects you from poison.
Missiles
 e - 21 poisoned darts (quivered)
Armour
 c - a +0 buckler (worn)
 g - a +1 pair of boots (worn)
 h - a +0 pair of gloves (worn)
 i - a +2 hat (worn)
 o - a +0 plate armour (worn)
 q - a +0 cloak (worn)
Jewellery
 w - a +6 ring of dexterity (left hand)
 D - the ring of Checkmate (right hand) {Str+2 SInv}
   (You acquired it on level 1 of the Lair of Beasts)

   [ring of see invisible]

   Str:       It affects your strength (+2).
   SInv:      It lets you see invisible.
 O - a ring of magical power
 P - a +6 ring of dexterity
Wands
 j - a wand of paralysis (3)
 m - a wand of mindburst (12)
 x - a wand of iceblast (11)
 H - a wand of digging (7)
 J - a wand of flame (17)
 L - a wand of polymorph (2)
Scrolls
 a - a scroll of blinking
 p - a scroll of amnesia
 r - a scroll of fog
 u - 4 scrolls of enchant armour
 y - 3 scrolls of teleportation
 A - 3 scrolls of magic mapping
 B - a scroll of silence
 F - 5 scrolls of identify
 N - 3 scrolls of fear
 Q - a scroll of brand weapon
Potions
 d - 4 potions of might
 k - 4 potions of curing
 l - 2 potions of magic
 n - 2 potions of berserk rage
 s - 4 potions of ambrosia
 v - 6 potions of brilliance
 z - 4 potions of flight
 E - 3 potions of heal wounds
 K - 2 potions of cancellation
 M - 2 potions of haste
Miscellaneous
 b - a condenser vane
 C - a piece from Xom's chessboard (15/15)


   Skills:
 + Level 17.9 Fighting
 - Level 14.1 Long Blades
 * Level 6.3 Maces & Flails
 - Level 1.7 Throwing
 + Level 17.3 Armour
 - Level 8.8 Dodging
 - Level 8.7 Shields
 - Level 9.0 Invocations


You had 14 spell levels left.
You didn't know any spells.
Your spell library contained the following spells:

 Spells                   Type           Power      Damage    Failure   Level
 Apportation              Tloc           0%         N/A       98%         1
 Blink                    Tloc           0%         N/A       99%         2
 Ensorcelled Hibernation  Hex/Ice        0%         N/A       99%         2
 Passwall                 Tmut/Erth      0%         N/A       99%         2
 Sublimation of Blood     Necr           0%         N/A       99%         2
 Wereblood                Tmut           0%         N/A       99%         2
 Gell's Gravitas          Tloc           0%         N/A       100%        3
 Lesser Beckoning         Tloc           0%         N/A       100%        3
 Swiftness                Air            0%         N/A       100%        3
 Teleport Other           Tloc           0%         N/A       100%        3
 Airstrike                Air            0%         N/A       100%        4
 Summon Ice Beast         Ice/Summ       0%         N/A       100%        4
 Summon Lightning Spire   Summ/Air       0%         N/A       100%        4
 Alistair's Intoxication  Tmut/Pois      0%         N/A       100%        5
 Lightning Bolt           Conj/Air       0%         1d11      100%        5
 Manifold Assault         Tloc           0%         N/A       100%        5
 Summon Mana Viper        Hex/Summ       0%         N/A       100%        5
 Monstrous Menagerie      Summ           0%         N/A       100%        7
 Storm Form               Tmut/Air       0%         N/A       100%        7
 Summon Hydra             Summ           0%         N/A       100%        7


Dungeon Overview and Level Annotations

Branches:
Dungeon (12/15)            Temple (0/1) D:5            Lair (6/6) D:10
 Shoals (0/4) Lair:3        Snake (0/4) Lair:4        Slime (0/5) Lair:6
    Orc (2/2) D:11          Sewer (visited)         Ossuary (visited)
    Elf: Orc:2

Altars:
Hepliaklqana
Nemelex Xobeh
Okawaru
Qazlal
Ru
Uskayaw
Vehumet
Wu Jian
Zin
Beogh
Lugonu

Shops:
D:7 [   D:10 *

Portals:
Abyss: Lair:6

Annotations:
D:10 2 runed translucent doors
Lair:6 exclusion: 2 oklob plants
Orc:2 Saint Roka


Innate Abilities, Weirdness & Mutations

You have a pair of horns on your head.
You reflexively headbutt those who attack you in melee.


Message History

Saint Roka mumbles some strange prayers to Beogh against you.
Beogh smites you! You block Saint Roka's attack.
You slash Saint Roka! You headbutt Saint Roka.
Saint Roka is lightly wounded.
Saint Roka calls down the wrath of Beogh upon you.
Beogh smites you!
You hit Saint Roka.
Saint Roka is lightly wounded.
Saint Roka invokes the aid of Beogh against you.
Beogh smites you!
You closely miss Saint Roka.
Saint Roka is lightly wounded.
You hear a shout!
You hit Saint Roka but do no damage. Your headbutt misses Saint Roka.
Saint Roka is lightly wounded.
Saint Roka hits you but does no damage.
You are poisoned.
You hit Saint Roka.
Saint Roka is lightly wounded.
You feel sick.
Saint Roka hits you with a +3 bardiche of venom!!
You are more poisoned.
You slice Saint Roka!!
Saint Roka is moderately wounded.
You feel very sick.
You hit Saint Roka. You headbutt Saint Roka!
Saint Roka is heavily wounded.
You feel very sick.
Saint Roka hits you with a +3 bardiche of venom!!
You are lethally poisoned!
You slice Saint Roka!!
Saint Roka is heavily wounded.
* * * LOW HITPOINT WARNING * * *
You feel extremely sick.
You feel better.
Saint Roka hits you with a +3 bardiche of venom!!
* * * LOW HITPOINT WARNING * * *
Saint Roka hits you from afar with a +3 bardiche of venom!!
You die...

.........#.##.
...............
............#.##
...............#
..............#
......§......##
.....°o○○.....##
O........§.....# ..
........@..).)### ...
.....○☼.§§...)..#....
........○.[[.<)....#.
.........[...[)......
.........#[[[.#......
........###...#....##
........# ##......##
...#.#... ##....##
...###... ##.###


You could see Saint Roka.

Vanquished Creatures
  Kirke (Lair:4)
  The ghost of boopmooplesden the Tortoise, a journeyman MiBe of Trog (D:12)
  Snorg (Lair:3)
  Josephine (Orc:1)
  An ogre mage (Orc:1)
  3 boulder beetles
  9 two-headed ogres
  16 hydras
  6 death yaks
  2 thrashing horrors (Lair:6)
  2 deep trolls (Orc:1)
  A swamp dragon (shapeshifter) (Lair:6)
  Pikel (D:8)
  2 phantasmal warriors (D:12)
  6 ugly things (Lair:6)
  A deep elf pyromancer (D:10)
  A wolf spider (Lair:6)
  An orc sorcerer (Orc:2)
  A manticore (D:7)
  10 elephants
  3 cyclopes
  Joseph (D:7)
  5 black mambas
  2 molten gargoyles (Lair:4)
  18 cane toads
  A smoke demon (Lair:6)
  Psyche (D:10)
  3 kobold demonologists (D:11)
  12 komodo dragons
  An ancient zyme (Lair:6)
  2 freezing wraiths (D:12)
  3 rime drakes
  2 polar bears
  Prince Ribbit (D:8)
  9 trolls
  A hornet (D:9)
  Grinder (D:3)
  16 blink frogs
  12 dream sheep
  2 spriggans (Lair:6)
  5 wyverns
  A shadow (D:11)
  6 basilisks
  5 wraiths
  59 yaks
  Sigmund (D:3)
  A large abomination (Lair:6)
  2 fire bats (Lair:6)
  2 vampires
  A ynoxinul (Lair:6)
  4 hogs (Lair:4)
  6 vampire mosquitoes
  A steam dragon (D:9)
  3 chaos spawn (Lair:6)
  A warg (Orc:1)
  An acid dragon (D:10)
  18 water moccasins
  9 orc warriors
  4 black bears
  An ice beast (D:5)
  A hornet zombie (D:7)
  4 necrophages
  21 wolves
  20 ogres
  A centaur (D:11)
  A lemure (D:8)
  A phantom (D:4)
  9 small abominations (Lair:6)
  2 elf zombies (Ossuary)
  2 kobold brigands
  9 bullfrogs
  A gnoll sergeant (D:7)
  4 scorpions
  A wyvern zombie (D:8)
  A water moccasin skeleton (D:3)
  12 wights
  6 killer bees (D:11)
  3 howler monkeys
  3 electric eels (Lair:6)
  4 centaur zombies
  7 lava snakes
  5 hounds
  12 orc priests
  A jelly (D:7)
  A centaur skeleton (D:7)
  A gnoll shaman (D:7)
  2 human zombies (Ossuary)
  2 bullfrog skeletons
  3 iguanas
  12 orc wizards
  8 hell rats
  A killer bee zombie (D:8)
  A hound zombie (Ossuary)
  3 mummies (Ossuary)
  2 howler monkey zombies (D:9)
  Robin (D:4)
  A howler monkey skeleton (D:6)
  11 gnolls
  2 river rats (D:10)
  4 adders
  6 adder zombies (Ossuary)
  A worm (D:3)
  A dart slug (D:2)
  31 orcs
  4 bats
  5 endoplasms
  4 giant cockroaches
  A gnoll zombie (Ossuary)
  16 goblins
  11 hobgoblins
  2 jackals (Sewer)
  3 quokkas
  2 ball pythons
  3 frilled lizards
  2 goblin zombies (Ossuary)
  3 hobgoblin zombies (Ossuary)
  4 jackal zombies (Ossuary)
  27 kobolds
  4 kobold zombies (Ossuary)
  2 orc zombies (Ossuary)
  7 quokka zombies (Ossuary)
  8 rats
  A rat zombie (Ossuary)
628 creatures vanquished.

Vanquished Creatures (collateral kills)
  A water moccasin (Lair:1)
1 creature vanquished.

Vanquished Creatures (others)
  An orc (Orc:1)
  27 fungi
  27 plants
55 creatures vanquished.

Grand Total: 684 creatures vanquished

Notes
Turn   | Place    | Note
-------+----------+-------------------------------------------
     0 | D:1      | nickcage the Minotaur Fighter began the quest for the Orb.
     0 | D:1      | Reached XP level 1. HP: 19/19 MP: 0/0
   366 | D:1      | Reached XP level 2. HP: 26/26 MP: 1/1
   853 | D:2      | Reached XP level 3. HP: 31/31 MP: 2/2
   857 | D:2      | Found a faded altar of an unknown god.
  1204 | D:2      | Reached skill level 5 in Long Blades
  1578 | D:3      | Reached XP level 4. HP: 39/39 MP: 3/3
  1622 | D:3      | Reached XP level 5. HP: 42/45 MP: 4/4
  1655 | D:3      | Found a glowing silver altar of Zin.
  1658 | D:3      | Noticed Sigmund
  1685 | D:3      | Killed Sigmund
  1686 | D:3      | Reached XP level 6. HP: 11/51 MP: 5/5
  2042 | D:3      | Noticed Grinder
  2043 | D:3      | Paralysed by Grinder for 5 turns
  2058 | D:3      | Paralysed by Grinder for 4 turns
  2062 | D:3      | Killed Grinder
  2229 | D:3      | Found a sacrificial altar of Ru.
  2519 | D:4      | Noticed Robin
  2532 | D:4      | Reached XP level 7. HP: 53/57 MP: 6/6
  2553 | D:4      | Reached skill level 1 in Throwing
  2564 | D:4      | Killed Robin
  2791 | D:4      | Reached skill level 10 in Long Blades
  3310 | D:4      | Found an iron altar of Okawaru.
  3502 | D:5      | Entered Level 5 of the Dungeon
  3509 | D:5      | Reached XP level 8. HP: 60/64 MP: 7/7
  3577 | D:5      | Found a glowing drain.
  3596 | Sewer    | Entered a sewer
  3871 | D:5      | Found a radiant altar of Vehumet.
  4043 | D:5      | Found a stormy altar of Qazlal.
  4051 | D:5      | Became a worshipper of Qazlal Stormbringer
  4215 | D:5      | Found a staircase to the Ecumenical Temple.
  5178 | D:6      | Reached XP level 9. HP: 70/70 MP: 8/8
  5260 | D:7      | Found a sand-covered staircase.
  5280 | Ossuary  | Entered an ossuary
  5294 | Ossuary  | Reached * piety under Qazlal
  5483 | Ossuary  | Reached ** piety under Qazlal
  5751 | D:7      | Noticed Joseph
  5771 | D:7      | Killed Joseph
  5772 | D:7      | Reached skill level 5 in Fighting
  5772 | D:7      | Reached skill level 5 in Armour
  5772 | D:7      | Reached skill level 5 in Shields
  5863 | D:7      | Noticed a manticore
  5877 | D:7      | HP: 3/75 [manticore/volley of spikes (16)]
  5882 | D:7      | HP: 2/75 [barbs]
  6226 | D:7      | Killed a manticore
  6516 | D:7      | Found Ruvoum's Armour Shoppe.
  6913 | D:7      | Reached XP level 10. HP: 84/84 MP: 9/9
  7083 | D:8      | Noticed Pikel
  7099 | D:8      | Killed Pikel
  7410 | D:8      | Noticed Prince Ribbit
  7431 | D:8      | Killed Prince Ribbit
  7516 | D:8      | Reached *** piety under Qazlal
  7808 | D:8      | Noticed a two-headed ogre
  7821 | D:8      | Killed a two-headed ogre
  9248 | D:10     | Entered Level 10 of the Dungeon
  9251 | D:10     | Found Afutoh's Gadget Gallery.
  9309 | D:10     | Noticed a deep elf pyromancer
  9315 | D:10     | Killed a deep elf pyromancer
  9316 | D:10     | Reached skill level 10 in Armour
  9379 | D:10     | Noticed Psyche
  9381 | D:10     | Noticed a death yak
  9415 | D:10     | Killed Psyche
  9426 | D:10     | Killed a death yak
  9427 | D:10     | Reached XP level 11. HP: 62/97 MP: 10/10
  9595 | D:10     | Noticed a death yak
  9618 | D:10     | Noticed a death yak
  9648 | D:10     | Killed a death yak
  9653 | D:10     | Killed a death yak
  9664 | D:10     | Reached skill level 10 in Fighting
  9829 | D:10     | Found a staircase to the Lair.
  9854 | D:10     | Reached **** piety under Qazlal
  9910 | D:10     | Found a sparkling altar of Nemelex Xobeh.
 10009 | D:10     | Noticed a four-headed hydra
 10022 | D:10     | Killed a four-headed hydra
 10023 | D:10     | Reached skill level 1 in Maces & Flails
 10023 | D:10     | Reached skill level 1 in Invocations
 10343 | D:10     | Noticed a seven-headed hydra
 10384 | D:10     | Killed a seven-headed hydra
 10741 | D:10     | Found a large runed translucent door.
 10742 | D:10     | Found a large runed translucent door.
 10991 | D:11     | Found a staircase to the Orcish Mines.
 11285 | D:11     | Noticed a boulder beetle
 11299 | D:11     | Killed a boulder beetle
 11524 | D:11     | Reached skill level 5 in Maces & Flails
 11555 | D:11     | Found a hazy altar of Hepliaklqana.
 11911 | D:12     | Noticed an eight-headed hydra
 11913 | D:12     | Reached skill level 1 in Dodging
 11948 | Lair:1   | Entered Level 1 of the Lair of Beasts
 11952 | Lair:1   | Noticed a seven-headed hydra
 11985 | Lair:1   | Killed a seven-headed hydra
 11986 | Lair:1   | Reached XP level 12. HP: 54/111 MP: 13/13
 12002 | Lair:1   | Reached ***** piety under Qazlal
 12426 | Lair:1   | Identified a scroll of acquirement
 12426 | Lair:1   | Acquired the ring of Checkmate {Str+2 SInv}
 13184 | Lair:2   | Found a hide-covered altar of Uskayaw.
 13184 | Lair:2   | Found an ornate altar of the Wu Jian Council.
 13184 | Lair:2   | Noticed a boulder beetle
 13199 | Lair:2   | Killed a boulder beetle
 13200 | Lair:2   | Reached skill level 5 in Invocations
 13214 | Lair:2   | Noticed an eight-headed hydra
 13241 | Lair:2   | Killed an eight-headed hydra
 13346 | Lair:2   | Noticed a five-headed hydra
 13357 | Lair:2   | Killed a five-headed hydra
 13443 | Lair:2   | Noticed a five-headed hydra
 13453 | Lair:2   | Killed a five-headed hydra
 13656 | Lair:2   | Noticed an eight-headed hydra
 13668 | Lair:2   | Killed an eight-headed hydra
 14053 | Lair:2   | Identified the +0 ring mail "Qyid Mel" {rF+ rC+ rCorr}
 14488 | Lair:3   | Reached skill level 5 in Dodging
 14537 | Lair:3   | Noticed Snorg
 14538 | Lair:3   | Reached XP level 13. HP: 122/122 MP: 16/16
 14551 | Lair:3   | Killed Snorg
 14983 | Lair:3   | Found a staircase to the Shoals.
 16054 | Lair:4   | Noticed Kirke
 16135 | Lair:4   | Noticed a sphinx
 16140 | Lair:4   | Killed Kirke
 16426 | Lair:4   | Found a staircase to the Snake Pit.
 16929 | Lair:4   | Acquired a +3 vampiric demon blade
 17815 | Lair:5   | Reached skill level 15 in Fighting
 17820 | Lair:5   | Reached skill level 15 in Armour
 18481 | Lair:5   | Reached XP level 14. HP: 115/135 MP: 18/18
 19053 | Lair:6   | Entered Level 6 of the Lair of Beasts
 19053 | Lair:6   | Found a staircase to the Slime Pits.
 19277 | Lair:6   | Reached ****** piety under Qazlal
 20707 | Lair:6   | Found a corrupted altar of Lugonu.
 20707 | Lair:6   | Found a one-way gate to the infinite horrors of the Abyss.
 22159 | D:12     | Found a runed translucent gate.
 22159 | D:12     | Found a runed translucent gate.
 22159 | D:12     | Noticed boopmooplesden's ghost (journeyman MiBe)
 22160 | D:12     | Found a runed translucent gate.
 22498 | D:12     | Killed boopmooplesden's ghost
 22508 | D:12     | Identified the +7 morningstar "Riameh" {vamp, rElec rPois
                  | Str+6}
 22725 | Orc:1    | Entered Level 1 of the Orcish Mines
 22725 | Orc:1    | Noticed Josephine
 22732 | Orc:1    | Killed Josephine
 22735 | Orc:1    | Reached XP level 15. HP: 128/146 MP: 20/20
 22858 | Orc:2    | Entered Level 2 of the Orcish Mines
 22878 | Orc:2    | Noticed Saint Roka
 24184 | Orc:2    | Paralysed by an ogre mage for 2 turns
 24623 | Orc:2    | Mangled by Saint Roka

Illustrated notes

Levels and vault maps discovered:
D:1:      dpeg_arrival_solitude, layout_rooms
D:2:      layout_loops_cross, chequers_ecumenical_altar_island
D:3:      layout_basic, nicolae_ru_awakened_eye, zin_academy, uniq_sigmund,
          uniq_grinder
D:4:      layout_rooms, general_overflow_altar, uniq_robin
D:5:      layout_loops_ring, marbit_many_paths,
          mainiacjoe_overflow_concentric_impassable,
          minmay_temple_entry_statues_pillars, cheibrodos_sewer_entry_drain
D:6:      layout_basic, serial_park_tiny_1
D:7:      layout_rooms, serial_shops, nicolae_shop_window_shopping,
          enter_ossuary_1, uniq_joseph
D:8:      layout_basic, minivault_4, small_statue_intersection,
          minmay_misc_feat_pillars, uniq_pikel, uniq_prince_ribbit1
D:9:      layout_loops_corners
D:10:     layout_roguey, lemuel_doored_altar, jmf_multi_god_temple2,
          dpeg_lair_monsters, nicolae_shop_gadgets, uniq_psyche, uniq_urug
D:11:     layout_rooms, minmay_orc_entry_temple_small, minmay_variable_closet,
          nicolae_hepliaklqana_hippocampus
D:12:     layout_loops_cross, gammafunk_ghost_spectres, drop_trap,
          corexii_corridor_pit, minmay_rotating_lava
Lair:1:   layout_hall_layers, eino_small_chamber_without_monster
Lair:2:   layout_gridlike, nzn_masters_of_martial_movement, grunt_megastairs_3,
          infiniplex_staircase_pool_2
Lair:3:   layout_cave_pods, elwin_shoals_entry_rocks, grunt_megastairs_1,
          lemuel_fruit_tree, uniq_snorg
Lair:4:   cheibrodos_magma_flow, layout_cave_pods, dummy_snake_entry,
          basic_altar, gauntlet_entry_generic, grunt_megastairs_5, uniq_kirke
Lair:5:   layout_hall_layers, lemuel_fruit_fields
Lair:6:   hellmonk_lair_end_abyssal_woods, layout_small_grid,
          minmay_slime_entry_oklob_open, nicolae_lair_liquid_snakes
Orc:1:    layout_caves, uniq_josephine
Orc:2:    st_orc_open, layout_caves, uniq_saint_roka

Skill      XL: |  1  2  3  4  5  6  7  8  9 10 11 12 13 14 15 |
---------------+----------------------------------------------+-----
Long Blades    | 3 4 6 7 9 11 13 14 | 14.1
Throwing       | 1 |  1.7
Armour         | 7 10 11 13 15 16 17 | 17.3
Fighting       | 6 9 11 13 15 17 | 17.9
Shields        | 5 8 |  8.7
Maces & Flails | 5 6 |  6.3
Invocations    | 3 5 7 8 9 |  9.0
Dodging        | 1 5 7 8 |  8.8

Action                   |  1- 3 |  4- 6 |  7- 9 | 10-12 | 13-15 || total
-------------------------+-------+-------+-------+-------+-------++-------
Melee: Long sword        |    77 |    55 |   415 |   572 |   201 ||  1320
       Headbutt          |    10 |     7 |    85 |   142 |   250 ||   494
       Flail             |       |       |       |    42 |    59 ||   101
       Demon blade       |       |       |       |       |   620 ||   620
Throw: Dart              |       |     5 |     7 |    37 |    16 ||    65
Invok: Elemental Force   |       |       |       |       |     1 ||     1
  Use: Scroll            |       |     4 |     4 |    18 |     8 ||    34
       Potion            |       |       |     1 |     4 |     2 ||     7
Armor: Scale mail        |    37 |    18 |    47 |       |       ||   102
       Plate armour      |       |       |   122 |   302 |   361 ||   785
Dodge: Dodged            |    39 |    11 |    92 |   130 |   385 ||   657
       Repelled          |       |       |       |     1 |     4 ||     5
Block: Buckler           |    18 |     7 |    92 |   336 |   526 ||   979
